 Dungeon Crawl Stone Soup version 0.19.5 (webtiles) character file.

976 McKennaii the Magician (level 7, 0/37 HPs)
             Began as a Deep Elf Fire Elementalist on May 7, 2017.
             Slain by a hound (1 damage)
             ... on level 6 of the Dungeon.
             The game lasted 00:13:37 (5196 turns).

McKennaii the Magician (Deep Elf Fire Elementalist) Turns: 5196, Time: 00:13:37

Health: 0/37       AC:  4    Str:  5    XL:     7   Next: 95%
Magic:  21/29      EV: 14    Int: 22    God:
Gold:   321        SH:  0    Dex: 15    Spells: 4 memorised, 10 levels left

rFire  + . .     SeeInvis .     E - +4 quarterstaff (chaos)
rCold  + . .     Gourm    .     a - +0 robe
rNeg   . . .     Faith    .     (shield currently unavailable)
rPois  +         Spirit   .     (no helmet)
rElec  +         Reflect  .     F - +0 cloak
rCorr  +         Harm     .     s - +0 pair of gloves of the Wasteland {MP+9} (curse)
MR     .....                    (no boots)
Stlth  ++........               (no amulet)
                                (no ring)
                                d - ring of wizardry

@: lethally poisoned (0 -> -2), resistant
A: no striking features
a: no special abilities


You were on level 6 of the Dungeon.
You were very hungry.

You visited 1 branch of the dungeon, and saw 6 of its levels.

You collected 321 gold pieces.

Inventory:

Hand Weapons
 E - a +4 quarterstaff of chaos (weapon)
Armour
 a - a +0 robe (worn)
 s - the cursed +0 pair of gloves of the Wasteland (worn) {MP+9}
   (You found it on level 5 of the Dungeon)

   It affects your magic capacity (+9).
   It has a curse placed upon it.
 F - a +0 cloak (worn)
Jewellery
 d - a ring of wizardry (left hand)
 r - a +3 ring of protection {unknown}
Scrolls
 e - 2 scrolls of random uselessness {unknown}
 g - 3 scrolls of identify
 j - 5 scrolls of remove curse
 o - a scroll of recharging {unknown}
 q - a scroll of noise {unknown}
 v - a scroll of teleportation {unknown}
 x - a scroll of enchant armour
 y - a scroll of blinking {unknown}
Potions
 f - 3 potions of might
 i - a potion of beneficial mutation {unknown}
 k - 2 potions of resistance
 m - 3 potions of lignification {unknown}
 n - 2 potions of mutation {unknown}
 u - 2 potions of curing {unknown}
 w - a potion of degeneration {unknown}
 z - 3 potions of haste {unknown}
 B - 2 potions of flight {unknown}
 D - a potion of agility {unknown}
Books
 b - a book of Flames

   Spells                             Type                      Level
   a - Flame Tongue                   Conjuration/Fire             1
   b - Throw Flame                    Conjuration/Fire             2
   c - Conjure Flame                  Conjuration/Fire             3
   d - Inner Flame                    Hexes/Fire                   3
   e - Sticky Flame                   Conjuration/Fire             4
   f - Fireball                       Conjuration/Fire             5
 p - a book of Cantrips

   Spells                             Type                      Level
   a - Confusing Touch                Hexes                        1
   b - Animate Skeleton               Necromancy                   1
   c - Summon Small Mammal            Summoning                    1
   d - Apportation                    Translocation                1
 A - a book of Callings

   Spells                             Type                      Level
   a - Summon Small Mammal            Summoning                    1
   b - Call Imp                       Summoning                    2
   c - Call Canine Familiar           Summoning                    3
   d - Summon Guardian Golem          Hexes/Summoning              3
   e - Summon Lightning Spire         Summoning/Air                4
   f - Summon Ice Beast               Ice/Summoning                4
Comestibles
 c - 3 bread rations
 h - 2 slices of pizza
 l - 2 meat rations
 t - a beef jerky
 C - 2 fruits


   Skills:
 + Level 0.5 Fighting
 + Level 3.7 Dodging
 + Level 3.3 Stealth
 + Level 7.5 Spellcasting
 + Level 5.0 Conjurations
 + Level 6.3 Fire Magic


You had 10 spell levels left.
You knew the following spells:

 Your Spells              Type           Power        Failure   Level  Hunger
a - Flame Tongue          Conj/Fire      ####.        1%          1    None
b - Throw Flame           Conj/Fire      ####..       1%          2    None
c - Conjure Flame         Conj/Fire      ####....     1%          3    None
f - Fireball              Conj/Fire      ####......   9%          5    #####..


Dungeon Overview and Level Annotations

Branches:
Dungeon (6/15)
 Temple: D:4-7

Altars:
Cheibriados
Dithmenos
Sif Muna
Xom

Shops:
D:5 =


Message History

The jackal barks!
The hound closely misses you. The centaur zombie hits you!
* * * LOW HITPOINT WARNING * * *
The adder zombie bites you.
* * * LOW HITPOINT WARNING * * *
The hound closely misses you. The centaur zombie hits you.
* * * LOW HITPOINT WARNING * * *
A jackal comes into view.
The hound closely misses you.
* * * LOW HITPOINT WARNING * * *
You feel sick. The hound closely misses you.
Okay, then.
Okay, then.
Okay, then.
It was a potion of resistance.
You feel protected. The hound barely misses you. The hound bites you.
You die...

######......8.
#...##...##..⌠
#...##...## 8.
#.........#
#.........#
#...##....#
#####.....#
#....## .
##..@#####+####..
#...Zh...........
#.....Z.....>...
#......h........
##...###...####
##### #...#
#....h.....#
#..........#
#..h.......#


You could see a hound, an adder zombie, a centaur zombie and 2 jackals.

Vanquished Creatures
  Sigmund (D:2)
  An ogre (D:4)
  A necrophage (D:5)
  A howler monkey (D:5)
  2 jellies (D:5)
  2 centaur skeletons
  2 orc priests (D:4)
  2 hounds
  Crazy Yiuf (D:2)
  An iguana (D:5)
  2 worker ants
  4 gnolls (D:3)
  9 adders
  3 shadow imps
  2 adder skeletons
  5 worms
  A dart slug (D:1)
  6 leopard geckos
  5 orcs
  9 bats
  9 giant cockroaches
  9 goblins
  11 hobgoblins
  4 jackals (D:5)
  6 kobolds
  A quokka (D:3)
  A ball python (D:2)
  6 frilled lizards
  A leopard gecko zombie (D:5)
  A quokka zombie (D:6)
  3 rats
112 creatures vanquished.

Notes
Turn   | Place    | Note
-------+----------+-------------------------------------------
     0 | D:1      | McKennaii the Deep Elf Fire Elementalist began the quest for the Orb.
     0 | D:1      | Reached XP level 1. HP: 10/10 MP: 6/6
    72 | D:1      | Reached XP level 2. HP: 15/15 MP: 1/8
   438 | D:1      | Reached XP level 3. HP: 15/19 MP: 1/10
   754 | D:2      | Found a runed door.
   891 | D:2      | Noticed Sigmund
   900 | D:2      | Learned a level 2 spell: Throw Flame
   904 | D:2      | Learned a level 3 spell: Conjure Flame
   965 | D:2      | Reached skill level 4 in Spellcasting
  1084 | D:2      | Reached XP level 4. HP: 24/24 MP: 8/12
  2296 | D:3      | Reached XP level 5. HP: 13/28 MP: 4/13
  3044 | D:4      | Reached skill level 5 in Spellcasting
  3241 | D:4      | Noticed an ogre
  3248 | D:4      | Killed an ogre
  3248 | D:4      | Reached skill level 5 in Fire Magic
  3248 | D:4      | Reached XP level 6. HP: 32/32 MP: 6/16
  3261 | D:4      | Learned a level 5 spell: Fireball
  3701 | D:4      | Found a shadowy altar of Dithmenos.
  3825 | D:2      | Killed Sigmund
  3825 | D:2      | Reached skill level 6 in Spellcasting
  3825 | D:2      | Reached XP level 7. HP: 15/37 MP: 1/18
  4115 | D:2      | Noticed Crazy Yiuf
  4119 | D:2      | Killed Crazy Yiuf
  4302 | D:5      | Entered Level 5 of the Dungeon
  4415 | D:5      | Reached skill level 7 in Spellcasting
  4612 | D:5      | Found a deep blue altar of Sif Muna.
  4710 | D:5      | Found Tudiez's Jewellery Emporium.
  4787 | D:5      | Got a pair of dazzling gloves
  4798 | D:5      | Identified the cursed +0 pair of gloves of the Wasteland {MP+9} (You found it on level 5 of the Dungeon)
  4830 | D:5      | Found a shimmering altar of Xom.
  4831 | D:5      | Found a shimmering altar of Xom.
  4832 | D:5      | Found a shimmering altar of Xom.
  4835 | D:5      | Found a shimmering altar of Xom.
  4835 | D:5      | Found a shimmering altar of Xom.
  5092 | D:5      | Found a snail-covered altar of Cheibriados.
  5186 | D:6      | Reached skill level 5 in Conjurations
  5193 | D:6      | HP: 1/37 [poisoned by a worker ant]
  5196 | D:6      | Slain by a hound

Skill      XL: |  1  2  3  4  5  6  7 |
---------------+----------------------+-----
Conjurations   | 2 3 4 5 |  5.0
Dodging        | 3 |  3.7
Spellcasting   | 4 5 6 7 |  7.5
Fire Magic     | 4 5 6 |  6.3
Stealth        | 3 |  3.3
Fighting       | |  0.5

Action                   |  1- 3 |  4- 6 |  7- 9 || total
-------------------------+-------+-------+-------++-------
Melee: Unarmed           |     5 |       |       ||     5
       Quarterstaff      |       |       |     1 ||     1
 Cast: Flame Tongue      |    77 |   114 |    84 ||   275
       Conjure Flame     |       |     9 |     1 ||    10
       Throw Flame       |       |     7 |     4 ||    11
       Fireball          |       |     2 |       ||     2
  Use: Scroll            |       |       |     3 ||     3
       Potion            |       |       |     1 ||     1
  Eat: Chunk             |       |     8 |     3 ||    11
       Beef jerky        |       |       |     1 ||     1
Armor: Robe              |    14 |    10 |    10 ||    34
Dodge: Dodged            |    30 |    31 |    36 ||    97
